 Dungeon Crawl Stone Soup version 0.17-a0-1793-gcbb3aa1 (webtiles) character file.

616 luca467 the Skirmisher (level 7, -6/52 HPs)
             Began as an Octopode Fighter on Sept 9, 2015.
             Mangled by a centaur (9 damage)
             ... on level 6 of the Dungeon.
             The game lasted 00:21:51 (4865 turns).

luca467 the Skirmisher (Octopode Fighter)           Turns: 4865, Time: 00:21:51

Health: -6/52      AC:  5    Str: 16    XL:     7   Next: 45%
Magic:  7/7        EV: 10    Int: 10    God:
Gold:   371        SH:  9    Dex: 13    Spells: 0 memorised, 6 levels left

rFire  + . .     SeeInvis .     a - +1 long sword
rCold  . . .     Clarity  .     b - +0 shield
rNeg   . . .     SustAt   .     (helmet restricted)
rPois  .         Gourm    .     (no amulet)
rElec  .         Spirit   .     j - +4 ring of protection
rCorr  .         Warding  .     l - ring of protection from fire
rMut   .         Stasis   .     (no ring)
MR     .....                    (no ring)
Stlth  ++........               (no ring)
                                (no ring)
                                (no ring)
                                (no ring)

@: not resistant to hostile enchantments, unstealthy
A: almost no armour, amphibious, 8 rings, constrict 8, camouflage 1, gelatinous
body 1
a: no special abilities


You were on level 6 of the Dungeon.
You were hungry.

You visited 1 branch of the dungeon, and saw 7 of its levels.

You collected 371 gold pieces.

Inventory:

Hand weapons
 a - a +1 long sword (weapon)
 t - a +0 great sword
Armour
 b - a +0 shield (worn)
Jewellery
 j - a +4 ring of protection (left tentacle)
 l - a ring of protection from fire (right tentacle)
 m - a cursed ring of loudness
 q - a -3 ring of protection
Magical devices
 w - a wand of flame (15)
Scrolls
 e - 2 scrolls of fear
 h - 3 scrolls of teleportation
 p - 3 scrolls of noise
 r - 3 scrolls of enchant armour {unknown}
 s - 2 scrolls of remove curse
 x - 2 scrolls of recharging {unknown}
Potions
 c - 2 potions of might
 g - a potion of ambrosia {unknown}
 i - 2 potions of curing {unknown}
 k - 2 potions of brilliance {unknown}
 n - a potion of degeneration {unknown}
 u - 2 potions of agility {unknown}
 z - a potion of haste {unknown}
Books
 v - a book of the Sky

   Spells                             Type                      Level
   a - Summon Lightning Spire         Summoning/Air                4
   b - Airstrike                      Air                          4
   c - Silence                        Hexes/Air                    5
   d - Deflect Missiles               Charms/Air                   6
   e - Conjure Ball Lightning         Conjuration/Air              6
   f - Tornado                        Air                          9
Comestibles
 d - 7 bread rations
 f - 3 meat rations
 o - a slice of pizza


   Skills:
 + Level 6.3 Fighting
 + Level 5.8 Long Blades
 - Level 3.0 Dodging
 - Level 3.0 Shields


You had 6 spell levels left.
You didn't know any spells.

Dungeon Overview and Level Annotations

Branches:
Dungeon (7/15)
 Temple: D:4-7

Altars:
Cheibriados
Elyvilon
Fedhas
Gozag
Kikubaaqudgha
Qazlal
Trog

Shops:
D:5 }


Innate Abilities, Weirdness & Mutations

You cannot wear most types of armour.
You are amphibious.
You can wear up to eight rings at the same time.
You can use your tentacles to constrict eight enemies at once.
Your skin changes colour to match your surroundings (Stealth).
Your rubbery body absorbs attacks (AC +1).


Message History

The centaur unwields an uncursed shortbow.
The centaur hits you.
You completely miss the centaur. Your squeeze misses the centaur.
You block the centaur's attack. The centaur closely misses you.
You hit the centaur but do no damage. The centaur hits you.
* * * LOW HITPOINT WARNING * * *
The centaur hits you but does no damage.
You hit the centaur. You squeeze the centaur!
The centaur is heavily wounded.
The centaur hits you.
* * * LOW HITPOINT WARNING * * *
You hit the centaur but do no damage. You squeeze the centaur.
The centaur is almost dead.
You block the centaur's attack. x2
You barely miss the centaur.
The centaur is almost dead.
The centaur hits you!
* * * LOW HITPOINT WARNING * * *
The centaur hits you!
You die...

#.........#
##.........#
#.....?....#
#[.........#
#......$...#
####..........#
##.............#
#..##.....@c...#
.# #....$.(...###
...#.....(/...#
#..........(.....#
...###.(..(.....#
..##....(......#
#....###(..#####
#.....##.###
#.....#..#


You could see a centaur.

Vanquished Creatures
  Duvessa (D:4)
  A centaur (D:6)
  Dowan (D:4)
  A scorpion (D:6)
  A crimson imp (D:6)
  Crazy Yiuf (D:2)
  A hound (D:4)
  2 orc wizards
  6 adders
  An ooze (D:1)
  An adder skeleton (D:4)
  6 worms
  5 giant geckos
  14 orcs
  3 ball pythons
  3 giant cockroaches
  2 hobgoblins (D:1)
  18 jackals
  A quokka (D:3)
  7 bats
  A giant newt (D:3)
  5 goblins
  5 kobolds
  2 quokka zombies (D:5)
  9 rats
  4 fungi (D:2)
102 creatures vanquished.

Vanquished Creatures (others)
  13 fungi (D:6)
13 creatures vanquished.

Grand Total: 115 creatures vanquished

Notes
Turn   | Place    | Note
--------------------------------------------------------------
     0 | D:1      | luca467 the Octopode Fighter began the quest for the Orb.
     0 | D:1      | Reached XP level 1. HP: 16/16 MP: 1/1
   475 | D:1      | Reached XP level 2. HP: 21/21 MP: 2/2
   955 | D:1      | Reached XP level 3. HP: 26/26 MP: 3/3
  1182 | D:2      | Found a white marble altar of Elyvilon.
  1475 | D:2      | Found a blossoming altar of Fedhas.
  1494 | D:2      | Found a stormy altar of Qazlal.
  1759 | D:2      | Noticed Crazy Yiuf
  1762 | D:2      | Paralysed by Crazy Yiuf for 2 turns
  1764 | D:2      | HP: 1/27 [Crazy Yiuf/quarterstaff of chaos (1)]
  2058 | D:2      | Killed Crazy Yiuf
  2058 | D:2      | Reached skill level 4 in Fighting
  2058 | D:2      | Reached XP level 4. HP: 23/33 MP: 0/4
  2575 | D:3      | Reached XP level 5. HP: 26/38 MP: 5/5
  2804 | D:4      | Noticed Duvessa
  2804 | D:4      | Noticed Dowan
  2965 | D:4      | Killed Duvessa
  2965 | D:4      | Reached skill level 5 in Fighting
  2965 | D:4      | Reached XP level 6. HP: 30/45 MP: 6/6
  2968 | D:4      | Killed Dowan
  3258 | D:4      | Found an opulent altar of Gozag.
  3266 | D:4      | Found an ancient bone altar of Kikubaaqudgha.
  3267 | D:4      | Found a bloodstained altar of Trog.
  3342 | D:4      | Reached skill level 5 in Long Blades
  3613 | D:5      | Entered Level 5 of the Dungeon
  3613 | D:5      | Found Vuithuopup's Gadget Boutique.
  3961 | D:5      | Found a snail-covered altar of Cheibriados.
  4363 | D:6      | Reached XP level 7. HP: 34/51 MP: 7/7
  4365 | D:6      | Reached skill level 6 in Fighting
  4865 | D:6      | Mangled by a centaur

Vault maps used:
D:1:      lightli_arrival_statuegarden
D:2:      grunt_temple_overflow_forces_of_nature, elyvilon_altar_1, minivault_4,
          kennysheep_nub, uniq_crazy_yiuf_cottage
D:3:      first_bread, grunt_decor_cap, minmay_misc_feat_four_crosses
D:4:      grunt_temple_overflow_open, uniq_duvessa
D:5:      cheibrodos_worm_habitat, serial_shops, shop
D:6:      serial_aquarium, aquarium_bridge_long_joined,
          aquarium_bridge_island_small, aquarium_window_2,
          aquarium_window_corridor_1, aquarium_window_fake, aquarium_window_2,
          aquarium_view_2a, aquarium_view_2c, aquarium_balcony_5a
D:7:      lemuel_round_altar, minmay_temple_entry_glass

Action                   |  1- 3 |  4- 6 |  7- 9 || total
-------------------------+-------+-------+-------++-------
Melee: Long sword        |    67 |   139 |    20 ||   226
  Use: Scroll            |     3 |     6 |       ||     9
 Stab: Sleeping          |     6 |     8 |     1 ||    15
  Eat: Chunk             |     1 |     5 |     1 ||     7
       Meat ration       |     1 |       |       ||     1
